 Dungeon Crawl Stone Soup version 0.27-a0-1591-gc56fcc985a (webtiles) character file.

Game seed: 11519689167798139714

111 MisterAzrael the Cudgeller (level 4, -2/44 HPs)
             Began as a Troll Monk on July 20, 2021.
             Was a Follower of Uskayaw.
             Slain by a kobold brigand (6 damage)
             ... on level 3 of the Dungeon.
             The game lasted 00:02:55 (1767 turns).

MisterAzrael the Cudgeller (Troll Monk)             Turns: 1767, Time: 00:02:55

Health: -2/44      AC:  4    Str: 20    XL:     4   Next: 62%
Magic:  1/3        EV: 10    Int:  6    God:    Uskayaw [*.....]
Gold:   19         SH:  0    Dex: 12    Spells: 3/3 levels left

rFire    . . .     SeeInvis .   a - +0 mace
rCold    . . .     Faith    .   (no shield)
rNeg     . . .     Spirit   .   b - +0 robe
rPois    .         Reflect  .   (helmet restricted)
rElec    .         Harm     .   (no cloak)
rCorr    .         Rampage  .   (gloves unavailable)
Will     .....                  (boots unavailable)
Stlth    ++........             (no amulet)
HPRegen  1.14/turn              (no ring)
MPRegen  0.08/turn              (no ring)

@: no status effects
A: large, unfitting armour, claws 3, regeneration 1, shaggy fur 1, tough skin 1
a: Renounce Religion, Stomp


You were on level 3 of the Dungeon.
You worshipped Uskayaw.
Uskayaw was noncommittal.
You visited 1 branch of the dungeon, and saw 3 of its levels.

You collected 19 gold pieces.

Inventory:

Hand Weapons
 a - a +0 mace (weapon)
Armour
 b - a +0 robe (worn)
Scrolls
 c - a scroll of fear {unknown}
 e - a scroll of identify {unknown}
Potions
 d - a potion of resistance {unknown}
 f - a potion of curing {unknown}


   Skills:
 - Level 2.4 Fighting
 + Level 5.0 Maces & Flails
 - Level 2.4 Dodging
 - Level 1.0 Stealth


You had 3 spell levels left.
You didn't know any spells.
Your spell library was empty.

Dungeon Overview and Level Annotations

Branches:
Dungeon (3/15)

Altars:
Uskayaw


Innate Abilities, Weirdness & Mutations

You are too large for most types of armour.
You have claws for hands.
Your natural rate of healing is unusually fast.
You are covered in fur. (AC +1)
You have tough skin. (AC +1)


Message History

The ufetubus closely misses you. The ufetubus hits you.
You hit the ufetubus.
You kill the ufetubus!
You can now stomp with the beat.
Your Maces & Flails skill increases to level 5!
You hit the kobold brigand.
The kobold brigand is lightly wounded.
The kobold brigand hits you with a +0 dagger.
You closely miss the kobold brigand.
The kobold brigand hits you with a +0 dagger. x2
* * * LOW HITPOINT WARNING * * *
You closely miss the kobold brigand. The kobold brigand closely misses you.
You barely miss the kobold brigand.
The kobold brigand hits you with a +0 dagger.
* * * LOW HITPOINT WARNING * * *
You hit the kobold brigand.
The kobold brigand is lightly wounded.
The kobold brigand hits you with a +0 dagger.
* * * LOW HITPOINT WARNING * * *
You barely miss the kobold brigand.
The kobold brigand is lightly wounded.
The kobold brigand hits you with a +0 dagger.
* * * LOW HITPOINT WARNING * * *
You closely miss the kobold brigand.
The kobold brigand is lightly wounded.
The kobold brigand hits you but does no damage.
You hit the kobold brigand.
The kobold brigand is moderately wounded.
The kobold brigand completely misses you.
You barely miss the kobold brigand.
The kobold brigand is moderately wounded.
The kobold brigand hits you with a +0 dagger.
* * * LOW HITPOINT WARNING * * *
The kobold brigand hits you with a +0 dagger.
* * * LOW HITPOINT WARNING * * *
Okay, then.
You hit the kobold brigand.
The kobold brigand is moderately wounded.
The kobold brigand hits you with a +0 dagger.
You die...

#.# ######
#.#### ....
..>..
#K######..#
#@...[.#..####
###..........#
#...<#.###.#
#..........#
#.#....#####
#.###### ###


You could see a kobold brigand.

Vanquished Creatures
  5 adders
  A gnoll (D:2)
  An ufetubus (D:3)
  An orc (D:2)
  4 bats
  2 endoplasms (D:2)
  2 goblins (D:1)
  6 hobgoblins
  10 jackals
  A kobold (D:1)
  4 quokkas
  6 ball pythons
  2 frilled lizards
  2 rats (D:1)
47 creatures vanquished.

Notes
Turn   | Place    | Note
-------+----------+-------------------------------------------
     0 | D:1      | MisterAzrael the Troll Monk began the quest for the Orb.
     0 | D:1      | Reached XP level 1. HP: 22/22 MP: 0/0
   278 | D:1      | Reached skill level 3 in Maces & Flails
   362 | D:1      | Reached XP level 2. HP: 29/29 MP: 1/1
   657 | D:1      | Found a faded altar of an unknown god.
   684 | D:1      | Became a worshipper of Uskayaw the Reveller
   684 | D:1      | Reached * piety under Uskayaw
   684 | D:1      | Reached ** piety under Uskayaw
   876 | D:2      | Reached XP level 3. HP: 6/36 MP: 2/2
   927 | D:2      | Reached skill level 4 in Maces & Flails
  1198 | D:2      | Reached XP level 4. HP: 41/44 MP: 3/3
  1755 | D:3      | Noticed a kobold brigand
  1758 | D:3      | Reached skill level 5 in Maces & Flails
  1767 | D:3      | Slain by a kobold brigand

Illustrated notes

Levels and vault maps discovered:
D:1:      minmay_arrival_open_corners, layout_loops_corners,
          hellmonk_ecumenical_altar_zigzags
D:2:      minmay_chambers_of_ones, layout_basic
D:3:      layout_basic, serial_shops, nicolae_diamond_shop, uniq_jessica,
          uniq_natasha, uniq_crazy_yiuf_cottage

Skill      XL: |  1  2  3  4 |
---------------+-------------+-----
Maces & Flails | 3 4 5 |  5.0
Fighting       | |  2.4
Dodging        | |  2.4
Stealth        | |  1.0

Action                   |  1- 3 |  4- 6 || total
-------------------------+-------+-------++-------
Melee: Mace              |   122 |    74 ||   196
Invok: Stomp             |       |     2 ||     2
 Stab: Sleeping          |     2 |     2 ||     4
Armor: Robe              |    54 |    25 ||    79
Dodge: Dodged            |    81 |    47 ||   128

Table legend: (Time is in decaauts)
 A = Elapsed time spent in this place.
 B = Non-inter-level travel time spent in this place.
 C = Inter-level travel time spent in this place.
 D = Time resting spent in this place.
 E = Time spent auto-exploring this place.
 F = Levels seen in this place.
 G = Mean time per level.
                   A        B        C        D        E       F      G
               +--------+--------+--------+--------+--------+-----+--------+
         Total |   1803 |   1763 |     40 |     42 |   1330 |   3 |  601.0 |
       Dungeon |   1803 |   1763 |     40 |     42 |   1330 |   3 |  601.0 |
               +--------+--------+--------+--------+--------+-----+--------+

Top non-repeatable levels by time:
     D:2: 882 daAuts
     D:1: 863 daAuts
     D:3: 57 daAuts
